 Dungeon Crawl Stone Soup version 0.30-a0-743-gbfdf073431 (webtiles) character file.

Game seed: 18353884057049851153

4934 cforsyth the Summoner (level 10, 0/54 HPs)
             Began as a Tengu Summoner on Feb 5, 2023.
             Was an Initiate of Gozag.
             Slain by a bullfrog (7 damage)
             ... while paralysed by a centaur
             ... on level 8 of the Dungeon.
             The game lasted 00:22:33 (8906 turns).

cforsyth the Summoner (Tengu Summoner)              Turns: 8906, Time: 00:22:34

Health: 0/54       AC:  9    Str:  9    XL:     10   Next: 52%
Magic:  25/25      EV:  2    Int: 26    God:    Gozag
Gold:   722        SH:  0    Dex: 14    Spells: 16/29 levels left

rFire   . . .      SeeInvis .    (no weapon)
rCold   + . .      Faith    .    (no shield)
rNeg    . . .      Spirit   .    t - +3 leather armour {rC+}
rPois   .          Reflect  .    (helmet restricted)
rElec   .          Harm     .    C - +0 cloak
rCorr   .          Rampage  .    z - +1 pair of gloves
Will    +....                    (boots unavailable)
Stlth   ++                       (no amulet)
HPRegen 0.29/turn                q - ring of willpower
MPRegen 0.19/turn                v - +6 ring of intelligence

@: paralysed, flying quickly and evasively, studying Polearms, quick
A: beak, talons 3, nimble flight
a: Renounce Religion, Potion Petition, Call Merchant, Bribe Branch


You were on level 8 of the Dungeon.
You worshipped Gozag.
Gozag was pleased with you.
You visited 2 branches of the dungeon, and saw 9 of its levels.

You collected 975 gold pieces.
You spent 161 gold pieces at shops.
You paid 92 gold pieces to Gozag.

Inventory:

Armour
 t - a +3 leather armour of cold resistance (worn)
 z - a +1 pair of gloves (worn)
 C - a +0 cloak (worn)
Jewellery
 q - a ring of willpower (left hand)
 u - a +5 ring of evasion
 v - a +6 ring of intelligence (right hand)
 D - a +6 ring of strength
 E - a ring of magical power
Wands
 y - a wand of mindburst (9)
Scrolls
 a - a scroll of fear {unknown}
 d - 5 scrolls of teleportation {unknown}
 e - a scroll of enchant armour {unknown}
 j - 5 scrolls of identify
 k - 2 scrolls of immolation {unknown}
 m - a scroll of torment {unknown}
 n - 2 scrolls of blinking {unknown}
 p - a scroll of silence {unknown}
 s - 2 scrolls of magic mapping
 w - 2 scrolls of fog {unknown}
 x - a scroll of poison {unknown}
 B - 3 scrolls of enchant weapon {unknown}
Potions
 b - 2 potions of magic
 c - 5 potions of berserk rage {unknown}
 f - 4 potions of heal wounds {unknown}
 g - 2 potions of flight {unknown}
 h - 2 potions of lignification {unknown}
 i - 3 potions of haste {unknown}
 l - 2 potions of invisibility {unknown}
 o - 3 potions of degeneration {unknown}
 r - a potion of brilliance {unknown}
 A - 3 potions of curing {unknown}


   Skills:
 + Level 2.5 Fighting
 + Level 3.7 Dodging
 - Level 2.0 Stealth
 + Level 10.0 Spellcasting
 - Level 13.0 Summonings


You had 16 spell levels left.
You knew the following spells:

 Your Spells              Type           Power      Damage    Failure   Level
a - Summon Small Mammal   Summ           100%       N/A       1%          1
b - Call Imp              Summ           69%        N/A       1%          2
c - Call Canine Familiar  Summ           69%        N/A       1%          3
d - Summon Guardian Gole  Hex/Summ       46%        N/A       1%          3
e - Summon Lightning Spi  Summ/Air       46%        N/A       4%          4

Your spell library contained the following spells:

 Spells                   Type           Power      Damage    Failure   Level
 Tukima's Dance           Hex            13%        N/A       19%         3
 Passage of Golubria      Tloc           13%        N/A       54%         4
 Yara's Violent Unravell  Hex/Tmut       6%         3d5       87%         5


Dungeon Overview and Level Annotations

Branches:
Dungeon (8/15)             Temple (1/1) D:4
   Lair: D:8-11

Altars:
Ashenzari
Cheibriados
Dithmenos
Elyvilon
Fedhas
Gozag
Hepliaklqana
Kikubaaqudgha
Makhleb
Nemelex Xobeh
Qazlal
Ru
Sif Muna
Trog
Uskayaw
Vehumet
Wu Jian
Xom
Yredelemnul
Zin

Shops:
D:2 =   D:6 ?

Annotations:
D:6 2 transporters
D:7 1 runed translucent door, SirDiesAlot's ghost, novice DsHu


Innate Abilities, Weirdness & Mutations

You have a beak for a mouth.
You have claws for feet.
Your magical nature lets you fly swiftly and evasively.


Message History

You swap places.
You see here a +0 long sword.
You start resting.
Your white imp disappears in a puff of smoke!
Your quokka disappears in a puff of smoke! x2
Magic restored.
You start resting.
HP restored.
You now have 722 gold pieces (gained 15).
There is a stone staircase leading down, spattered with blood here.
You fly downwards.
Your summoned ally is left behind.
The kobold brigand shouts!
You hear a shout! x2
The centaur unwields a +0 shortbow.
The centaur closely misses you. The centaur kicks you.
The bullfrog closely misses you. The centaur closely misses you.
The centaur misses you. The bullfrog hits you.
There is a stone staircase leading up, spattered with blood here.
Things that are here:
a +0 leather armour; a +0 mace The centaur zaps a wand.
You suddenly lose the ability to move!
You stop ascending the stairs.
The bullfrog hits you but does no damage.
A centaur warrior comes into view.
The centaur hits you but does no damage.
The centaur kicks you but does no damage.
The centaur warrior shouts!
The bullfrog hits you.
The two-headed ogre hits you with a +0 giant spiked club!!
The two-headed ogre hits you with a +0 giant spiked club.
The centaur zaps a wand.
You resist with almost no effort.
The bullfrog hits you but does no damage.
The centaur hits you. The centaur kicks you.
The bullfrog hits you but does no damage.
The two-headed ogre hits you with a +0 giant spiked club.
The two-headed ogre hits you with a +0 giant spiked club!
* * * LOW HITPOINT WARNING * * *
The centaur hits you but does no damage.
The centaur kicks you but does no damage.
The bullfrog hits you!
You die...
Your body crumbles into a pile of gold.

..........o..... .#.
.......###...... .'.. ........
.......#.#..## ........#
#.......#..$.#### ........#
#.....c.##.cK...###
....#.#..##........##.Y§$$.!# .
..........'K...K.#..##..§..##..##
##..K.FO##..###'###..# .
....###@.[#..$......##..
.K...##)c....$..........
#....).$.#.....##....
#........[.............
###....#....[..........
.......................
..##..................## .
#....................
####+##..............


You could see a centaur warrior, a two-headed ogre, a kobold brigand, a
bullfrog, a centaur and 2 kobolds.

Vanquished Creatures
  An orc (D:7)
  2 bats (D:1)
  A giant cockroach (D:1)
  A frilled lizard (D:2)
  A kobold (D:1)
  2 rats (D:1)
8 creatures vanquished.

Vanquished Creatures (collateral kills)
  An unseen horror (D:7)
  6 yaks (D:7)
  Menkaure (D:5)
  Duvessa (D:4)
  An ice beast (D:7)
  5 black bears
  A sky beast (D:8)
  An orc warrior (D:8)
  A phantom (D:5)
  A centaur (D:7)
  A kobold brigand (D:8)
  3 bullfrogs (D:7)
  3 necrophages
  6 scorpions
  Dowan (D:4)
  4 wights
  A killer bee (D:8)
  A howler monkey (D:8)
  2 jellies
  3 orc priests
  2 hounds
  3 gnoll boudas
  An iguana (D:5)
  6 orc wizards
  Robin (D:3)
  11 adders
  16 gnolls
  A white imp (D:6)
  4 worms
  2 dart slugs
  26 orcs
  3 endoplasms
  2 giant cockroaches
  17 goblins
  10 hobgoblins
  2 quokkas
  5 ball pythons
  5 bats
  A frilled lizard (D:3)
  8 kobolds
  4 rats
174 creatures vanquished.

Vanquished Creatures (others)
  2 trolls
  Sigmund (D:4)
  An ice beast (D:5)
  A jelly (D:5)
  An orc wizard (D:4)
6 creatures vanquished.

Grand Total: 188 creatures vanquished

Notes
Turn   | Place    | Note
-------+----------+-------------------------------------------
     0 | D:1      | cforsyth the Tengu Summoner began the quest for the Orb.
     0 | D:1      | Reached XP level 1. HP: 10/10 MP: 4/4
   187 | D:1      | Reached skill level 5 in Summonings
   330 | D:1      | Reached XP level 2. HP: 15/15 MP: 3/6
   458 | D:1      | Learned a level 2 spell: Call Imp
   893 | D:2      | Reached XP level 3. HP: 16/19 MP: 4/8
   897 | D:2      | Learned a level 3 spell: Call Canine Familiar
   972 | D:2      | Found Daitedug's Jewellery Emporium.
  1094 | D:2      | Reached XP level 4. HP: 21/24 MP: 4/9
  1607 | D:2      | Found a faded altar of an unknown god.
  1697 | D:2      | Reached skill level 6 in Summonings
  1861 | D:2      | Learned a level 3 spell: Summon Guardian Golem
  2584 | D:3      | Gained mutation: Your magical nature lets you fly swiftly
                  | and evasively. [Tengu growth]
  2584 | D:3      | Reached XP level 5. HP: 23/28 MP: 7/11
  2650 | D:3      | Noticed Robin
  2713 | D:3      | Killed Robin
  3312 | D:4      | Reached XP level 6. HP: 32/32 MP: 5/13
  3401 | D:4      | Learned a level 4 spell: Summon Lightning Spire
  3471 | D:4      | Reached skill level 7 in Summonings
  3911 | D:4      | Noticed Dowan
  3913 | D:4      | Noticed Duvessa
  3939 | D:4      | Killed Duvessa
  3958 | D:4      | Killed Dowan
  3959 | D:4      | Reached skill level 5 in Spellcasting
  3959 | D:4      | Reached XP level 7. HP: 36/36 MP: 2/15
  4084 | D:4      | Found a staircase to the Ecumenical Temple.
  4125 | D:5      | Entered Level 5 of the Dungeon
  4125 | D:5      | Noticed a troll
  4133 | D:5      | Killed a troll
  4134 | D:5      | Reached skill level 8 in Summonings
  4385 | D:5      | Reached XP level 8. HP: 41/41 MP: 2/18
  4390 | D:5      | Reached skill level 9 in Summonings
  4514 | Temple   | Entered the Ecumenical Temple
  4810 | Temple   | Became a worshipper of Gozag Ym Sagoz the Greedy
  5322 | D:5      | Noticed Menkaure
  5334 | D:5      | Killed Menkaure
  5531 | D:4      | Noticed Sigmund
  5553 | D:4      | Killed Sigmund
  5554 | D:4      | Reached skill level 10 in Summonings
  6352 | D:6      | Reached XP level 9. HP: 45/45 MP: 16/21
  6619 | D:6      | Found a transporter.
  6626 | D:6      | Reached skill level 11 in Summonings
  6632 | D:6      | Noticed a kobold demonologist
  6696 | D:6      | Found Wodghimurph's Magic Scroll Boutique.
  6703 | D:6      | Bought a scroll of identify for 28 gold pieces
  6703 | D:6      | Bought a scroll of identify for 28 gold pieces
  6703 | D:6      | Bought a scroll of magic mapping for 105 gold pieces
  6857 | D:6      | Found a transporter.
  7185 | D:7      | Noticed a troll
  7239 | D:7      | Killed a troll
  7496 | D:7      | Found a runed translucent door.
  7497 | D:7      | Noticed SirDiesAlot's ghost (novice DsHu)
  7519 | D:7      | Reached skill level 12 in Summonings
  7536 | D:7      | Reached XP level 10. HP: 36/50 MP: 16/24
  8230 | D:8      | Reached skill level 13 in Summonings
  8514 | D:8      | Reached skill level 1 in Fighting
  8759 | D:8      | Noticed a two-headed ogre
  8778 | D:7      | Killed an unseen horror
  8779 | D:7      | Reached skill level 10 in Spellcasting
  8903 | D:8      | Paralysed by a centaur for 4 turns
  8903 | D:8      | Noticed a centaur warrior
  8906 | D:8      | Slain by a bullfrog

Illustrated notes

Levels and vault maps discovered:
D:1:      amcnicky_arrival_single_pillar, layout_basic, minmay_curled_crystal
D:2:      minmay_spotlight, layout_basic, shapermc_ecumenical_altar_pompeii,
          serial_shops, nicolae_shop_advertising_works
          [nicolae_subvault_shop_adworks], corexii_leaking_fountain
D:3:      layout_basic, uniq_robin
D:4:      layout_loops_ring, minmay_temple_entry_from_below_b, uniq_sigmund,
          uniq_duvessa
D:5:      layout_loops_cross, uniq_menkaure
D:6:      gammafunk_wand_slinger, layout_basic, serial_shops,
          nicolae_shop_competitors_out_of_business
D:7:      layout_loops_ring, gammafunk_ghost_grave, minmay_manual_moon
D:8:      minmay_the_grid_octo_triangle [minmay_the_grid_octo_vomiting_pacman,
          minmay_the_grid_octo_prize_square_snowflake,
          minmay_the_grid_octo_focus], layout_basic
Temple:   mainiacjoe_temple_cubbyholes

Skill      XL: |  1  2  3  4  5  6  7  8  9 10 |
---------------+-------------------------------+-----
Summonings     | 5 6 7 8 10 12 13 | 13.0
Spellcasting   | 3 4 5 6 7 9 10 | 10.0
Fighting       | 2 |  2.5
Dodging        | 3 |  3.7
Stealth        | |  2.0

Action                     |  1- 3 |  4- 6 |  7- 9 | 10-12 || total
---------------------------+-------+-------+-------+-------++-------
  Melee: Unarmed           |    39 |    22 |     7 |    11 ||    79
         Kick              |     9 |     2 |     4 |     3 ||    18
         Peck              |     7 |     6 |     3 |     1 ||    17
         Punch             |     1 |       |       |       ||     1
   Cast: Summon Small Mamm |    29 |    29 |    31 |    19 ||   108
         Call Imp          |     7 |    14 |    16 |     7 ||    44
         Call Canine Famil |     1 |    24 |    26 |    13 ||    64
         Summon Guardian G |       |     2 |     9 |     1 ||    12
   Stab: Distracted        |     1 |       |       |       ||     1
 Armour: Robe              |    15 |     6 |       |       ||    21
         Leather armour    |       |       |    15 |    26 ||    41
  Dodge: Dodged            |    41 |    36 |    30 |    44 ||   151

Table legend: (Time is in decaauts)
 A = Elapsed time spent in this place.
 B = Non-inter-level travel time spent in this place.
 C = Inter-level travel time spent in this place.
 D = Time resting spent in this place.
 E = Time spent auto-exploring this place.
 F = Levels seen in this place.
 G = Mean time per level.
                   A        B        C        D        E       F      G
               +--------+--------+--------+--------+--------+-----+--------+
         Total |   8527 |   8189 |    338 |    411 |   5690 |   9 |  947.4 |
       Dungeon |   8219 |   7920 |    299 |    411 |   5440 |   8 | 1027.4 |
        Temple |    308 |    270 |     38 |      0 |    250 |   1 |  308.0 |
               +--------+--------+--------+--------+--------+-----+--------+

Top non-repeatable levels by time:
     D:5: 1349 daAuts
     D:2: 1315 daAuts
     D:7: 1299 daAuts
     D:4: 1149 daAuts
     D:3: 1067 daAuts
     D:1: 875 daAuts
     D:6: 760 daAuts
     D:8: 402 daAuts
  Temple: 308 daAuts
